 Seeded DCSS version 0.31.0-32-g396128a36d (webtiles) character file.

Game seed: 5852599659512852149 (custom seed)

16 CInkIbrahim the Slasher (level 2, -2/17 HPs)
             Began as a Gargoyle Gladiator on Mar 15, 2024.
             Slain by a goblin
             ... wielding a +0 club
              (3 damage)
             ... on level 1 of the Dungeon.
             The game lasted 00:00:16 (232 turns).

CInkIbrahim the Slasher (Gargoyle Gladiator)         Turns: 232, Time: 00:00:17

Health: -2/17      AC:  6    Str: 17    XL:     2   Next: 58%
Magic:  2/2        EV: 12    Int:  8    God:
Gold:   60         SH:  0    Dex: 11    Spells: 1/1 levels left

rFire   . . .        a - +0 long sword
rCold   . . .        (no shield)
rNeg    + . .        b - +0 leather armour
rPois   ∞            c - +0 helmet
rElec   +            (no cloak)
rCorr   .            (no gloves)
SInv    .            (no boots)
Will    .....        (no amulet)
Stlth   +            (no ring)
HPRegen 0.22/turn    (no ring)
MPRegen 0.08/turn

%: no passive effects
@: no status effects
A: sickness immunity, AC +2, negative energy resistance 1, electricity
resistance, torment resistance 1, petrification resistance
a: no special abilities


You were on level 1 of the Dungeon.
You visited 1 branch of the dungeon, and saw 1 of its levels.

You collected 60 gold pieces.

Inventory:

Hand Weapons
 a - a +0 long sword (weapon)
Missiles
 d - 3 throwing nets (quivered)
 e - a javelin
Armour
 b - a +0 leather armour (worn)
 c - a +0 helmet (worn)
Scrolls
 h - a scroll of teleportation {unknown}
 i - a scroll of identify {unknown}
Potions
 f - a potion of invisibility {unknown}
 g - a potion of might {unknown}
 j - a potion of mutation {unknown}


   Skills:
 - Level 2.1 Fighting
 + Level 3.5 Long Blades
 - Level 1.7 Throwing
 - Level 2.4 Dodging


You had one spell level left.
You didn't know any spells.
Your spell library contained the following spells:

 Spells                   Type           Power      Damage    Failure   Level
 Call Imp                 Summ           0%         N/A       63%         2
 Summon Hydra             Summ           0%         N/A       100%        7
 Sublimation of Blood     Necr           Unusable   N/A       N/A         2

Dungeon Overview and Level Annotations

Branches:
Dungeon (1/15)

Altars:


Innate Abilities, Weirdness & Mutations

You are immune to sickness and miasma.
Your stone body is resilient. (AC +2)
You are immune to poison.
You resist negative energy. (rN+)
You are resistant to electric shocks. (rElec)
You are resistant to unholy torment.
You are immune to petrification.


Message History

You are too injured to fight recklessly!
There are monsters nearby!
You are too injured to fight recklessly!
There are monsters nearby!
You are too injured to fight recklessly!
There are monsters nearby!
You are too injured to fight recklessly!
There are monsters nearby!
You are too injured to fight recklessly!
There are monsters nearby!
You are too injured to fight recklessly!
There are monsters nearby!
You are too injured to fight recklessly!
There are monsters nearby!
You are too injured to fight recklessly!
There are monsters nearby!
You are too injured to fight recklessly!
There are monsters nearby!
You are too injured to fight recklessly!
There are monsters nearby!
You are too injured to fight recklessly!
There are monsters nearby!
You are too injured to fight recklessly!
There are monsters nearby!
You are too injured to fight recklessly!
There are monsters nearby!
You are too injured to fight recklessly!
There are monsters nearby!
You are too injured to fight recklessly!
You completely miss the goblin. The goblin hits you but does no damage.
The endoplasm hits you.
You barely miss the goblin. The goblin hits you but does no damage.
The endoplasm hits you but does no damage.
You closely miss the goblin. The goblin hits you with a +0 club.
* * * LOW HITPOINT WARNING * * *
The endoplasm completely misses you. The goblin hits you with a +0 club.
* * * LOW HITPOINT WARNING * * *
The endoplasm closely misses you.
You barely miss the goblin. The goblin hits you with a +0 club.
You die...

#>#...... #.#†.....
###### #...))... ## ...
.###....###.. ... #..
.....##.#.#.. ....
#.##.###.#....... .....
#.#......##.⌠.##.
......##.#..###.......#.
......J@.........#.#.##.
....?.g#.#.#####.###....
.....?.#.#.#####.....###
.........#......######
####+#...######.# #.#.#
#.# #.#.# #.# #.#.# #.#
#.#


You could see an endoplasm and a goblin.

Vanquished Creatures
  A dart slug (D:1)
  A giant cockroach (D:1)
  3 goblins (D:1)
  3 hobgoblins (D:1)
  2 kobolds (D:1)
  A ball python (D:1)
  3 frilled lizards (D:1)
14 creatures vanquished.

Notes
Turn   | Place    | Note
-------+----------+-------------------------------------------
     0 | D:1      | CInkIbrahim the Gargoyle Gladiator began the quest for the
                  | Orb.
     0 | D:1      | Reached XP level 1. HP: 12/12 MP: 1/1
    60 | D:1      | Reached skill level 3 in Long Blades
   118 | D:1      | Reached XP level 2. HP: 17/17 MP: 2/2
   232 | D:1      | Slain by a goblin

Illustrated notes

Levels and vault maps discovered:
D:1:      wander_arrival_estate, layout_basic, minmay_pentomino_u4

Skill      XL: |  1 |
---------------+----+-----
Long Blades    | 3 |  3.5
Fighting       | |  2.1
Throwing       | |  1.7
Dodging        | |  2.4

Action                     || total
---------------------------++-------
  Melee: Long sword        ||    48
 Armour: Leather armour    ||    30
  Dodge: Dodged            ||    43
